 Dungeon Crawl Stone Soup version 0.18-a0-1098-gc0d3725 (webtiles) character file.

539 TriBird the Shield-Bearer (level 7, -7/55 HPs)
             Began as a Formicid Fighter on Jan 15, 2016.
             Mangled by an ogre
             ... wielding a cursed -2 giant spiked club
              (19 damage)
             ... on level 4 of the Dungeon.
             The game lasted 00:36:52 (3014 turns).

TriBird the Shield-Bearer (Formicid Fighter)        Turns: 3014, Time: 00:36:52

Health: -7/55      AC:  7    Str: 23    XL:     7   Next: 51%
Magic:  7/7        EV: 10    Int:  7    God:
Gold:   140        SH: 10    Dex: 12    Spells: 0 memorised, 6 levels left

rFire  . . .     SeeInvis +     a - +1 trident
rCold  . . .     Gourm    .     b - +0 scale mail
rNeg   . . .     Faith    .     c - +0 shield
rPois  +         Spirit   .     (helmet unavailable)
rElec  .         Dismiss  .     (no cloak)
rCorr  .         Reflect  .     (no gloves)
SustAt .         Harm     .     (no boots)
MR     .....                    (no amulet)
Stlth  ..........               w - +2 ring of strength
                                j - ring of poison resistance

@: not resistant to hostile enchantments, extremely unstealthy
A: permanent stasis, dig shafts and tunnels, four strong arms, antennae 3
a: Dig, Shaft Self


You were on level 4 of the Dungeon.
You were not hungry.

You visited 1 branch of the dungeon, and saw 4 of its levels.

You collected 140 gold pieces.

Inventory:

Hand Weapons
 a - a +1 trident (weapon)
 u - a +0 hand axe
 x - a +2 dagger of draining
 D - a +0 hunting sling
Missiles
 g - 70 stones (quivered)
 i - 62 arrows
 l - 48 bolts
 p - 7 needles of sleeping
 y - 16 poisoned needles
Armour
 b - a +0 scale mail (worn)
 c - a +0 shield (worn)
 n - a +0 ring mail
 q - a +0 plate armour
 v - a +0 ring mail
Jewellery
 j - a ring of poison resistance (left hand)
 w - a +2 ring of strength (right hand)
 B - a +3 ring of strength
Wands
 t - a wand of random effects (28/48)
Scrolls
 h - 2 scrolls of teleportation
 o - 3 scrolls of identify
 A - 3 scrolls of remove curse
 C - a scroll of recharging {unknown}
Potions
 d - 2 potions of might
 e - a potion of beneficial mutation {unknown}
 k - a potion of agility {unknown}
 m - 3 potions of curing {unknown}
 r - a potion of flight {unknown}
 s - a potion of heal wounds {unknown}
 E - a potion of cure mutation {unknown}
Comestibles
 f - a bread ration
 z - 2 meat rations


   Skills:
 + Level 4.4 Fighting
 + Level 3.4 Polearms
 + Level 4.9 Armour
 + Level 3.0 Dodging
 + Level 1.3 Stealth
 + Level 5.7 Shields


You had 6 spell levels left.
You didn't know any spells.

Dungeon Overview and Level Annotations

Branches:
Dungeon (4/15)
 Temple: D:4-7

Altars:
Makhleb
Xom
The Shining One

Shops:
D:4 *


Innate Abilities, Weirdness & Mutations

You are under a permanent stasis effect.
You can dig through walls and to a lower floor.
Your four strong arms can wield two-handed weapons with a shield.
You have a pair of large antennae on your head (SInv).


Message History

The ogre hits you with a giant spiked club!
You puncture the ogre!
The ogre is severely wounded.
The ogre hits you with a giant spiked club!
You barely miss the ogre.
The ogre is severely wounded.
The ogre hits you with a giant spiked club!
* * * LOW HITPOINT WARNING * * *
You hit the ogre.
The ogre is almost dead.
The ogre completely misses you.
You barely miss the ogre.
The ogre is almost dead.
You barely miss the ogre.
The ogre is almost dead.
The ogre barely misses you.
You hit the ogre but do no damage.
The ogre is almost dead.
The ogre hits you with a giant spiked club!!
You die...

.........# #.####
##.....##
.........# ....#
##...## .........#
###.# ##+##
.........# #.# #.#
.........# ##.#
#######.###
.........# ..#
#.........#
.######### #.#
#.#.##....# .#
#O####.#.#.....#
.#
#@.............###
.#
######.#.#.#.#.##.
## #.#.......... #
#.......##### #
######### #


You could see an ogre.

Vanquished Creatures
  Grinder (D:3)
  A sky beast (D:4)
  A crimson imp (D:2)
  An orc wizard (D:3)
  Terence (D:3)
  8 adders
  An ooze (D:3)
  2 worms (D:2)
  A giant gecko (D:2)
  16 orcs
  10 bats
  5 giant cockroaches
  10 goblins
  10 hobgoblins
  5 jackals (D:3)
  6 kobolds
  3 quokkas
  4 ball pythons
  A giant gecko skeleton (D:4)
  3 giant newts
  8 rats
98 creatures vanquished.

Notes
Turn   | Place    | Note
--------------------------------------------------------------
     0 | D:1      | TriBird the Formicid Fighter began the quest for the Orb.
     0 | D:1      | Reached XP level 1. HP: 18/18 MP: 1/1
   132 | D:1      | Reached XP level 2. HP: 24/24 MP: 2/2
   586 | D:2      | Reached XP level 3. HP: 25/29 MP: 3/3
   679 | D:2      | Reached skill level 4 in Armour
   951 | D:2      | Found a shimmering altar of Xom.
  1040 | D:2      | Reached XP level 4. HP: 33/37 MP: 4/4
  1080 | D:2      | Reached skill level 1 in Dodging
  1144 | D:2      | Found a burning altar of Makhleb.
  1236 | D:3      | Reached XP level 5. HP: 34/42 MP: 5/5
  1274 | D:3      | Noticed Terence
  1283 | D:3      | Killed Terence
  1590 | D:3      | Reached XP level 6. HP: 42/48 MP: 6/6
  2003 | D:3      | Found a glowing golden altar of the Shining One.
  2113 | D:3      | Noticed Grinder
  2119 | D:3      | Reached skill level 5 in Shields
  2127 | D:3      | Killed Grinder
  2127 | D:3      | Reached skill level 1 in Stealth
  2127 | D:3      | Reached XP level 7. HP: 32/54 MP: 7/7
  2446 | D:4      | Found Qutell's Serpentskin Sales.
  3014 | D:4      | Mangled by an ogre

Vault maps used:
D:1:      dpeg_arrival_boxes_within_box, minmay_misc_feat_columns
D:2:      grunt_temple_overflow_opulence, makhleb_grotto_becter,
          lemuel_coloured_pillars_altar, first_bread
D:3:      lemuel_round_altar, serial_glass, glass_columns_b, glass_columns_c,
          due_unseen_surprise, minmay_strange_pillars, uniq_terence,
          uniq_grinder
D:4:      guppyfry_shop_venom

Action                   |  1- 3 |  4- 6 |  7- 9 || total
-------------------------+-------+-------+-------++-------
Melee: Trident           |   135 |   206 |    63 ||   404
  Use: Scroll            |     2 |     3 |     3 ||     8
  Eat: Bread ration      |       |     1 |     1 ||     2
